[Event "Titled Tuesday Blitz July 18 Early 2023"]
[White "AndresDelgado77"]
[Black "Galchenko, Matvey"]
[BlackFideId "24175480"]
[WhiteElo "2346"]
[BlackElo "2884"]
[Result "1-0"]
[Round "4"]
[TimeControl "180+2"]
[Date "2023.07.18"]
[WhiteClock "0:00:04"]
[BlackClock "0:00:03"]
[Board "21"]

1. e4 e6 2. d4 d5 3. e5 c5 4. c3 Qb6 5. Nf3 Nc6 6. Bd3 cxd4 7. a3 Bd7 8. O-O Rc8 9. Kh1 Nge7 10. cxd4 Nf5 11. Bxf5 exf5 12. Nc3 Be6 13. Na4 Qd8 14. b4 Be7 15. Bb2 O-O 16. Rc1 b6 17. Ne1 f4 18. Nd3 Bg5 19. f3 Qd7 20. Nc3 Nxd4 21. Ne2 Nxe2 22. Qxe2 Qb5 23. Bd4 Rc4 24. Nb2 Rxb4 25. Qd2 Rb3 26. a4 Qb4 27. Qf2 Bh4 28. Qxh4 Qxd4 29. Nd1 Qxe5 30. Nf2 Rb2 31. Nd3 Qd4 32. Nxb2 Qxb2 33. Qe7 a5 34. Qd6 g5 35. Rb1 Qc2 36. Rxb6 Qxa4 37. Rb8 Rxb8 38. Qxb8+ Kg7 39. Qe5+ Kg6 40. h4 h6 41. hxg5 hxg5 42. Rb1 Qc6 43. Rb8 f6 44. Qd4 a4 45. Rb6 Qc1+ 46. Kh2 Qe1 47. Qd3+ Bf5 48. Qxd5 Qe7 49. Qg8+ Qg7 50. Qxg7+ Kxg7 51. Ra6 Bc2 52. Kg1 f5 53. Kf2 g4 54. Ke1 Kf7 55. Kd2 Ke7 56. Kxc2 Kf7 57. Rxa4 Ke6 58. Rxf4 Ke5 59. Ra4 gxf3 60. gxf3 1-0


[Site "https://www.chess.com"]

[Event "Titled Tuesday Blitz July 18 Early 2023"]
[White "Carlsen, Magnus"]
[Black "Mogirzan, Matei-Valeriu"]
[WhiteFideId "1503014"]
[BlackFideId "1257455"]
[WhiteElo "3279"]
[BlackElo "2558"]
[Result "1-0"]
[Round "4"]
[TimeControl "180+2"]
[Date "2023.07.18"]
[WhiteClock "0:01:40"]
[BlackClock "0:00:00"]
[Board "22"]

1. e4 e5 2. f4 d5 3. Nf3 dxe4 4. Nxe5 Nf6 5. Bc4 Be6 6. Bxe6 fxe6 7. Qe2 Nbd7 8. Nc3 Be7 9. Nxd7 Qxd7 10. Nxe4 O-O-O 11. d3 Rhe8 12. O-O h6 13. Bd2 Qc6 14. Bc3 Nd5 15. Bxg7 Rg8 16. Be5 Qb6+ 17. Kh1 Ne3 18. Rf2 Ng4 19. Rf3 Nxe5 20. fxe5 Qxb2 21. Raf1 Qxe5 22. g3 Qd5 23. a4 Rgf8 24. Rxf8 Rxf8 25. Rxf8+ Bxf8 26. Kg2 Be7 27. Qe3 Qc6 28. Qxh6 Qxc2+ 29. Kh3 Kd7 30. Qh7 Qe2 31. Qf7 b6 32. Nf6+ Kd6 33. Ne8+ Kd7 34. Nxc7 Kxc7 35. Qxe7+ Kc8 36. Qf7 e5 37. Qf5+ Kc7 38. g4 Qe3+ 39. Kh4 Qh6+ 40. Kg3 Qe3+ 41. Qf3 Qg1+ 42. Kh3 Qc1 43. Qe4 Qh6+ 44. Kg3 Qf6 45. h4 Qg7 46. g5 Qf7 47. Qxe5+ Kb7 48. Qe4+ Ka6 49. g6 Qf1 50. Qc4+ Kb7 51. Qf7+ 1-0


[Site "https://www.chess.com"]

[Event "Titled Tuesday Blitz July 18 Early 2023"]
[White "Theodorou, Nikolas"]
[Black "Smirnov, Pavel"]
[WhiteFideId "4262875"]
[BlackFideId "4123425"]
[WhiteElo "3081"]
[BlackElo "2720"]
[Result "1-0"]
[Round "4"]
[TimeControl "180+2"]
[Date "2023.07.18"]
[WhiteClock "0:00:37"]
[BlackClock "0:00:14"]
[Board "23"]

1. Nf3 Nf6 2. b3 d5 3. Bb2 e6 4. g3 Be7 5. Bg2 O-O 6. c4 c5 7. cxd5 Nxd5 8. O-O b6 9. d4 Bb7 10. Nc3 Nxc3 11. Bxc3 Nd7 12. Rc1 Rc8 13. Qd2 Nf6 14. dxc5 Qxd2 15. Nxd2 Bxg2 16. Kxg2 Bxc5 17. Bxf6 gxf6 18. Ne4 Be7 19. g4 Rfd8 20. e3 Kg7 21. h4 Ba3 22. Rxc8 Rxc8 23. Rd1 Rc7 24. Rd8 Be7 25. Re8 Rd7 26. Ng3 Bd8 27. f4 h6 28. Kf3 Kh7 29. f5 Kg7 30. Nh5+ Kh7 31. Rf8 e5 32. Ke4 b5 33. b4 a6 34. a3 Rd6 35. Rxf7+ Kg8 36. Rg7+ Kf8 37. Rg6 Kf7 38. Rxh6 Rc6 39. Rh7+ Kg8 40. Rd7 Rc4+ 41. Kd5 Rc8 42. e4 1-0


[Site "https://www.chess.com"]

[Event "Titled Tuesday Blitz July 18 Early 2023"]
[White "He, Anthony"]
[Black "Aldokhin, Ivan"]
[WhiteFideId "2088215"]
[BlackFideId "24115720"]
[WhiteElo "2942"]
[BlackElo "2662"]
[Result "1-0"]
[Round "4"]
[TimeControl "180+2"]
[Date "2023.07.18"]
[WhiteClock "0:01:02"]
[BlackClock "0:00:02"]
[Board "25"]

1. d4 Nf6 2. Nc3 g6 3. Bf4 d5 4. e3 Bg7 5. h4 a6 6. h5 Nxh5 7. Rxh5 gxh5 8. Qxh5 Be6 9. Nf3 h6 10. Bd3 Nc6 11. O-O-O Qd7 12. Na4 b6 13. Nc3 Bg4 14. Qh2 Nb4 15. Be2 Bf5 16. Rd2 c5 17. Ne5 Bxe5 18. Bxe5 Rg8 19. dxc5 bxc5 20. e4 d4 21. exf5 Qxf5 22. Nd1 Nxa2+ 23. Kb1 Nb4 24. Bc4 Qg5 25. f4 Qg3 26. Qh5 Qe1 27. Kc1 Rd8 28. Qxf7+ Kd7 29. Qe6+ Ke8 30. Qxg8+ Kd7 31. Be6+ Kc6 32. Qxd8 Na2+ 33. Bxa2 1-0


[Site "https://www.chess.com"]

[Event "Titled Tuesday Blitz July 18 Early 2023"]
[White "Dimitrov, Atanas"]
[Black "Anton Guijarro, David"]
[WhiteFideId "2901315"]
[BlackFideId "2285525"]
[WhiteElo "2686"]
[BlackElo "2930"]
[Result "0-1"]
[Round "4"]
[TimeControl "180+2"]
[Date "2023.07.18"]
[WhiteClock "0:00:50"]
[BlackClock "0:00:19"]
[Board "26"]

1. e4 c6 2. d4 a6 3. Nf3 d5 4. exd5 cxd5 5. Bd3 Nc6 6. O-O Bg4 7. c3 e6 8. h3 Bh5 9. Bf4 Bd6 10. Bxd6 Qxd6 11. Nbd2 Nge7 12. Re1 Bg6 13. Qe2 O-O 14. Bxg6 Nxg6 15. g3 Rfe8 16. h4 h6 17. Nb3 Qc7 18. Rad1 b6 19. Kg2 Na5 20. Nbd2 b5 21. h5 Nf8 22. Ne5 Nc4 23. Ndf3 a5 24. Rc1 Rec8 25. b3 Nd6 26. Nd2 Qb7 27. Qf3 Nh7 28. Qd3 Nf6 29. g4 b4 30. f3 Nd7 31. Nxd7 Qxd7 32. c4 dxc4 33. bxc4 a4 34. Rb1 Rab8 35. d5 Nb7 36. Rxb4 Nc5 37. Qa3 Rxb4 38. Qxb4 Nd3 39. Qb1 Nxe1+ 40. Qxe1 exd5 41. cxd5 Qxd5 42. Ne4 Qxa2+ 43. Kh3 Qb3 44. Qg3 a3 45. g5 Qe6+ 46. Kh4 a2 47. Qg1 Qe5 48. gxh6 a1=Q 0-1


[Site "https://www.chess.com"]

[Event "Titled Tuesday Blitz July 18 Early 2023"]
[White "Spata, German"]
[Black "Zhigalko, Sergei"]
[WhiteFideId "113026"]
[BlackFideId "13502956"]
[WhiteElo "2656"]
[BlackElo "2880"]
[Result "0-1"]
[Round "4"]
[TimeControl "180+2"]
[Date "2023.07.18"]
[WhiteClock "0:00:06"]
[BlackClock "0:00:04"]
[Board "27"]

1. Nf3 d5 2. b3 Bg4 3. Bb2 Nd7 4. e3 e5 5. Be2 Bd6 6. d4 Bxf3 7. Bxf3 e4 8. Be2 c6 9. c4 f5 10. Nc3 Ngf6 11. cxd5 cxd5 12. Nb5 Bb8 13. Ba3 Nf8 14. Rc1 Ne6 15. O-O a6 16. Nc3 b5 17. Bc5 Nxc5 18. dxc5 O-O 19. b4 f4 20. Bg4 Re8 21. Bh3 Ra7 22. Ne2 f3 23. gxf3 exf3 24. Ng3 Ne4 25. Nxe4 dxe4 26. Qxd8 Rxd8 27. Be6+ Kf8 28. Rfd1 Ke7 29. Bf5 Rf8 30. Bxe4 Be5 31. c6 Rc7 32. a3 Rf6 33. Rd3 g5 34. Kf1 g4 35. Rcd1 Rh6 36. Rd7+ Kf6 37. Rxc7 Bxc7 38. Bxf3 gxf3 39. Rd7 Rxh2 40. Ke1 Be5 41. c7 Bxc7 42. Rxc7 Rh1+ 43. Kd2 Rf1 44. e4 Rxf2+ 45. Ke3 Ra2 46. Kxf3 Rxa3+ 47. Kf4 h5 48. Rc6+ Ke7 49. Ke5 h4 50. Rc7+ Kd8 51. Rh7 h3 52. Kd6 Rd3+ 53. Ke6 Rb3 54. e5 Rxb4 55. Kd6 Rd4+ 56. Ke6 Rd3 57. Ra7 h2 58. Rh7 Rd2 59. Rh8+ Kc7 60. Ke7 b4 61. e6 b3 62. Kf7 Rf2+ 63. Kg6 Re2 64. Kf7 b2 65. e7 b1=Q 0-1


[Site "https://www.chess.com"]

[Event "Titled Tuesday Blitz July 18 Early 2023"]
[White "Goryachkina, Aleksandra"]
[Black "Zemlyanskii, Ivan"]
[WhiteFideId "4147103"]
[BlackFideId "24249971"]
[WhiteElo "2656"]
[BlackElo "2876"]
[Result "0-1"]
[Round "4"]
[TimeControl "180+2"]
[Date "2023.07.18"]
[WhiteClock "0:00:00"]
[BlackClock "0:00:35"]
[Board "28"]

1. e4 c5 2. Nf3 e6 3. c3 d5 4. e5 d4 5. Bd3 Bd7 6. Be4 Bc6 7. Bxc6+ Nxc6 8. d3 Nge7 9. O-O Ng6 10. Re1 Be7 11. cxd4 Nxd4 12. Nxd4 Qxd4 13. Be3 Qxb2 14. Nd2 Qb5 15. Rb1 Qc6 16. Qb3 b6 17. Nc4 O-O 18. f4 Nh4 19. Rb2 Rfd8 20. a4 Rab8 21. Rf2 Rd7 22. Qc2 Rbd8 23. Rd1 g6 24. Nb2 Nf5 25. Qe2 c4 26. Nxc4 Qxa4 27. Nb2 Qb3 0-1


[Site "https://www.chess.com"]

[Event "Titled Tuesday Blitz July 18 Early 2023"]
[White "Donchenko, Alexander"]
[Black "Borgaonkar Akshay"]
[WhiteFideId "24603295"]
[BlackFideId "25639110"]
[WhiteElo "2862"]
[BlackElo "2632"]
[Result "1-0"]
[Round "4"]
[TimeControl "180+2"]
[Date "2023.07.18"]
[WhiteClock "0:00:46"]
[BlackClock "0:00:00"]
[Board "29"]

1. d4 Nf6 2. Nf3 g6 3. g3 Bg7 4. Bg2 O-O 5. O-O d6 6. b3 c6 7. Bb2 a5 8. a4 d5 9. c4 Na6 10. cxd5 cxd5 11. Nc3 Nb4 12. Ne5 Bf5 13. Rc1 Rc8 14. Ba3 Qb6 15. Qd2 Nc6 16. Nb5 Ne4 17. Bxe4 dxe4 18. Nc4 Qd8 19. Rfd1 Re8 20. d5 Ne5 21. Nxa5 Qd7 22. Nc4 Bh3 23. d6 Rxc4 24. bxc4 Qg4 25. Qe3 exd6 26. Nxd6 Re6 27. Nxe4 h6 28. f3 Qf5 29. Rd5 Kh7 30. Bb2 Nxc4 31. Rxf5 Nxe3 32. Rxf7 Nf5 33. Rcc7 1-0


[Site "https://www.chess.com"]

[Event "Titled Tuesday Blitz July 18 Early 2023"]
[White "Bachmann, Axel"]
[Black "Przybylski, Wojciech"]
[WhiteFideId "3700488"]
[BlackFideId "1117599"]
[WhiteElo "2798"]
[BlackElo "2597"]
[Result "1-0"]
[Round "4"]
[TimeControl "180+2"]
[Date "2023.07.18"]
[WhiteClock "0:00:12"]
[BlackClock "0:00:20"]
[Board "30"]

1. c4 Nf6 2. Nc3 e5 3. Nf3 Nc6 4. e3 Bb4 5. Qc2 O-O 6. Nd5 Be7 7. a3 a5 8. b3 d6 9. Bb2 Be6 10. Ng5 Bxd5 11. cxd5 Nb8 12. Bc4 Nbd7 13. O-O h6 14. Ne4 Nxe4 15. Qxe4 f5 16. Qc2 Bf6 17. Qxf5 e4 18. Bxf6 Nxf6 19. f3 Re8 20. fxe4 Re5 21. Qf3 Rxe4 22. d3 Re7 23. e4 Qd7 24. Qg3 Rf8 25. a4 Re5 26. Rf4 Qe8 27. Raf1 Rg5 28. Qf3 Qe5 29. Qe3 Kh7 30. d4 Qe7 31. h4 Rg6 32. e5 Ng4 33. Qh3 Rxf4 34. Rxf4 dxe5 35. Rxg4 Rxg4 36. Qxg4 e4 37. h5 b6 38. Qg6+ Kh8 39. d6 cxd6 40. Bd5 e3 41. Be4 Kg8 42. Kf1 Kf8 43. Ke2 Qh4 44. Qxd6+ Qe7 45. Qxe7+ Kxe7 46. Kxe3 Kf6 47. Kf4 Ke6 48. g4 Kf6 49. d5 g5+ 50. hxg6 Kg7 51. Ke5 b5 52. axb5 a4 53. bxa4 h5 54. gxh5 Kh6 55. Bf3 Kg5 56. a5 Kh6 57. a6 Kg7 58. b6 Kh6 59. a7 Kg5 60. b7 Kh6 61. a8=Q Kg5 62. b8=Q Kh6 63. Qh8+ Kg5 64. g7 Kh4 65. h6 Kg3 66. h7 Kf2 67. g8=Q Ke3 1-0


[Site "https://www.chess.com"]

[Event "Titled Tuesday Blitz July 18 Early 2023"]
[White "Bluebaum, Matthias"]
[Black "Belov, Alexei"]
[WhiteFideId "24651516"]
[BlackFideId "4128206"]
[WhiteElo "3015"]
[BlackElo "2625"]
[Result "1-0"]
[Round "4"]
[TimeControl "180+2"]
[Date "2023.07.18"]
[WhiteClock "0:01:35"]
[BlackClock "0:00:54"]
[Board "31"]

1. d4 e6 2. c4 d5 3. Nc3 Be7 4. cxd5 exd5 5. Bf4 c6 6. e3 Bf5 7. f3 Nf6 8. g4 Be6 9. h4 Nbd7 10. Bd3 Nb6 11. Nge2 Nc4 12. Qc2 Rc8 13. h5 h6 14. Bxc4 dxc4 15. e4 b5 16. Rd1 Qb6 17. d5 cxd5 18. exd5 Bxg4 19. fxg4 Nxg4 20. Qf5 Qf2+ 21. Kd2 O-O 22. Qxg4 b4 23. Ne4 c3+ 24. Kc2 cxb2+ 25. Kb1 f5 26. Qxg7+ Kxg7 27. Nxf2 1-0


[Site "https://www.chess.com"]

[Event "Titled Tuesday Blitz July 18 Early 2023"]
[White "NicolaiMaxime"]
[Black "Kramnik, Vladimir"]
[BlackFideId "4101588"]
[WhiteElo "2604"]
[BlackElo "2976"]
[Result "0-1"]
[Round "4"]
[TimeControl "180+2"]
[Date "2023.07.18"]
[WhiteClock "0:00:22"]
[BlackClock "0:01:10"]
[Board "32"]

1. e4 c5 2. Nf3 e6 3. c4 Nc6 4. Nc3 Nf6 5. d3 Be7 6. h3 O-O 7. Be2 d5 8. e5 Ne8 9. O-O Nc7 10. Bf4 b6 11. a3 Bb7 12. Rb1 Nd4 13. cxd5 Nxe2+ 14. Qxe2 Nxd5 15. Bg3 Nxc3 16. bxc3 Qd5 17. d4 cxd4 18. cxd4 Bxa3 19. h4 Rfc8 20. h5 h6 21. Qd3 Bf8 22. Rfc1 Rxc1+ 23. Rxc1 a5 24. Ne1 a4 25. f3 a3 26. Nc2 a2 27. Ra1 b5 28. Ne3 Qd7 29. Qd2 Bd5 30. Bf2 b4 31. Qb2 b3 32. Nf1 Ba3 0-1


[Site "https://www.chess.com"]

[Event "Titled Tuesday Blitz July 18 Early 2023"]
[White "Golubev, Mikhail"]
[Black "Galperin, Platon"]
[WhiteFideId "14100983"]
[BlackFideId "14165414"]
[WhiteElo "2602"]
[BlackElo "2972"]
[Result "0-1"]
[Round "4"]
[TimeControl "180+2"]
[Date "2023.07.18"]
[WhiteClock "0:00:00"]
[BlackClock "0:00:06"]
[Board "33"]

1. e4 d5 2. exd5 Qxd5 3. Nf3 Bg4 4. Be2 Nc6 5. d4 O-O-O 6. c4 Qh5 7. Be3 e5 8. d5 e4 9. Nd4 Bxe2 10. Qxe2 Qxe2+ 11. Kxe2 Ne5 12. Nd2 Nf6 13. Nb5 Bb4 14. Bd4 Rhe8 15. b3 Bxd2 16. Kxd2 Nxd5 17. cxd5 Rxd5 18. a4 a6 19. Ke3 axb5 20. Kxe4 c6 21. axb5 Ng6+ 22. Kd3 c5 23. Rhc1 Rxd4+ 0-1


[Site "https://www.chess.com"]

[Event "Titled Tuesday Blitz July 18 Early 2023"]
[White "Karttunen, Mika"]
[Black "Van Foreest, Jorden"]
[WhiteFideId "502081"]
[BlackFideId "1039784"]
[WhiteElo "2601"]
[BlackElo "2955"]
[Result "0-1"]
[Round "4"]
[TimeControl "180+2"]
[Date "2023.07.18"]
[WhiteClock "0:00:00"]
[BlackClock "0:00:03"]
[Board "34"]

1. c4 e5 2. Nc3 Nf6 3. Nf3 Nc6 4. e4 Bb4 5. d3 d6 6. a3 Bc5 7. h3 O-O 8. g3 a6 9. Bg2 Rb8 10. b4 Ba7 11. O-O b5 12. cxb5 axb5 13. Be3 Bxe3 14. fxe3 Ne7 15. Rc1 c6 16. d4 Ng6 17. Kh2 Ra8 18. Ra1 Re8 19. Qc2 h6 20. Rfc1 Qe7 21. Re1 Ra6 22. a4 bxa4 23. Rxa4 Bb7 24. Rxa6 Bxa6 25. Qa4 Bb7 26. Qb3 Ra8 27. Nd2 h5 28. Nc4 h4 29. g4 Bc8 30. Bf3 Be6 31. d5 cxd5 32. exd5 Bd7 33. b5 e4 34. Bg2 Rb8 35. Qb4 Ne8 36. b6 Ne5 37. Nxe5 Qxe5+ 38. Kh1 Nf6 39. b7 Bxg4 40. Qd4 Qg3 41. Rb1 Bf3 42. Qd2 Qxh3+ 43. Kg1 Qg4 44. Kf1 h3 45. Bxf3 Qxf3+ 46. Qf2 h2 47. Qxf3 exf3 48. Kf2 Rxb7 49. Rh1 Rb3 50. Nd1 g5 51. Kxf3 Rb1 52. Nf2 g4+ 53. Kg2 Rxh1 54. Nxh1 Nxd5 55. Kxh2 Nxe3 56. Kg3 d5 57. Kf4 d4 58. Ke4 f5+ 59. Kxd4 f4 60. Ke4 Ng2 61. Kf5 g3 62. Ke4 Kg7 63. Kf3 Nh4+ 0-1


[Site "https://www.chess.com"]

[Event "Titled Tuesday Blitz July 18 Early 2023"]
[White "Vokhidov, Shamsiddin"]
[Black "Altman, Joshua"]
[WhiteFideId "14204223"]
[BlackFideId "426210"]
[WhiteElo "2926"]
[BlackElo "2600"]
[Result "1-0"]
[Round "4"]
[TimeControl "180+2"]
[Date "2023.07.18"]
[WhiteClock "0:01:13"]
[BlackClock "0:00:10"]
[Board "35"]

1. a3 Nf6 2. d4 e6 3. c4 b6 4. Nf3 Bb7 5. Nc3 d5 6. cxd5 Nxd5 7. e3 Be7 8. Bb5+ c6 9. Bd3 O-O 10. Qc2 h6 11. O-O Nd7 12. e4 Nxc3 13. bxc3 c5 14. Rd1 Qc7 15. d5 c4 16. Bf1 e5 17. a4 Rfd8 18. Ba3 Bxa3 19. Rxa3 Rac8 20. Raa1 a6 21. Rab1 Qc5 22. Rb4 b5 23. axb5 axb5 24. Bxc4 Ba6 25. Qa2 Ra8 26. Be2 Qxc3 27. Qb1 Rdc8 28. Bxb5 Bxb5 29. Rxb5 Nf6 30. d6 Rd8 31. Nxe5 Rxd6 32. Rb8+ Kh7 33. Rxa8 Rxd1+ 34. Qxd1 Qxe5 35. f3 h5 36. Ra1 h4 37. Rc1 h3 38. g3 Qc5+ 39. Rxc5 1-0


[Site "https://www.chess.com"]

[Event "Titled Tuesday Blitz July 18 Early 2023"]
[White "Shishkov, Andrei"]
[Black "Gordievsky, Dmitry"]
[WhiteFideId "4500563"]
[BlackFideId "24112798"]
[WhiteElo "2599"]
[BlackElo "2898"]
[Result "0-1"]
[Round "4"]
[TimeControl "180+2"]
[Date "2023.07.18"]
[WhiteClock "0:00:21"]
[BlackClock "0:01:47"]
[Board "36"]

1. d4 d5 2. c4 e6 3. Nc3 Nf6 4. cxd5 exd5 5. Bg5 c6 6. e3 h6 7. Bh4 Be7 8. Bd3 O-O 9. Nge2 Re8 10. O-O Nbd7 11. Qc2 Nf8 12. f3 Ne6 13. Rad1 Bd7 14. Kh1 Rc8 15. a3 c5 16. dxc5 Rxc5 17. Qb1 a5 18. Bxf6 Bxf6 19. Nxd5 Bc6 20. Nxf6+ Qxf6 21. Nc3 Rh5 22. Be4 Qh4 23. h3 Ng5 24. Bf5 Nxf3 25. gxf3 Qg3 26. e4 Rxh3+ 27. Bxh3 Qxh3+ 28. Kg1 Qg3+ 29. Kh1 Re5 0-1


[Site "https://www.chess.com"]

[Event "Titled Tuesday Blitz July 18 Early 2023"]
[White "Shukhman, Anna"]
[Black "Rasulov, Vugar"]
[WhiteFideId "54180058"]
[BlackFideId "13402390"]
[WhiteElo "2598"]
[BlackElo "2883"]
[Result "1-0"]
[Round "4"]
[TimeControl "180+2"]
[Date "2023.07.18"]
[WhiteClock "0:00:11"]
[BlackClock "0:00:22"]
[Board "37"]

1. e4 e5 2. Nf3 Nc6 3. Bb5 f5 4. Nc3 fxe4 5. Nxe4 Nf6 6. Qe2 d5 7. Nxf6+ gxf6 8. d4 e4 9. Bxc6+ bxc6 10. Ne5 h5 11. Ng6 Rh7 12. f3 Bf5 13. Nxf8 Kxf8 14. fxe4 Bxe4 15. O-O Kg8 16. Bf4 Rg7 17. Rf2 Qe8 18. Bh6 Rg6 19. Qxh5 Bxg2 20. Qxg6+ Qxg6 21. Rxg2 Kh7 22. Rxg6 Kxg6 23. Be3 Re8 24. Kf2 Re4 25. Rg1+ Kf5 26. Rg7 Rh4 27. Kg3 Re4 28. Bf2 Re2 29. c3 Rxb2 30. Rxc7 Rxa2 31. Rxc6 a5 32. h4 a4 33. h5 a3 34. Rc5 Rc2 35. Rxd5+ Ke4 36. Ra5 Rxc3+ 37. Kg4 f5+ 38. Kg5 Rc2 39. Bh4 Rg2+ 40. Kh6 a2 41. d5 Ke5 42. Bg5 f4 43. d6+ Ke4 44. d7 Rd2 45. Ra4+ Kf5 46. d8=Q Rxd8 47. Bxd8 f3 48. Rxa2 Ke4 49. Bb6 f2 50. Bxf2 Kd3 51. Kg6 Kc4 52. h6 Kb3 53. h7 Kxa2 54. h8=Q Kb3 55. Qd4 Kc2 56. Qe3 Kd1 57. Bh4 Kc2 58. Kf5 Kd1 59. Qf2 Kc1 60. Ke4 Kb1 61. Kd3 Ka1 62. Kc3 Kb1 63. Qb2# 1-0


[Site "https://www.chess.com"]

[Event "Titled Tuesday Blitz July 18 Early 2023"]
[White "Baskakov, Egor"]
[Black "Arat, Ufuk Sezen"]
[WhiteFideId "24197866"]
[BlackFideId "6309089"]
[WhiteElo "2875"]
[BlackElo "2595"]
[Result "1-0"]
[Round "4"]
[TimeControl "180+2"]
[Date "2023.07.18"]
[WhiteClock "0:00:14"]
[BlackClock "0:00:08"]
[Board "38"]

1. e4 c5 2. Nf3 e6 3. Be2 Nc6 4. c4 Nf6 5. Nc3 d6 6. d4 cxd4 7. Nxd4 Be7 8. O-O O-O 9. Be3 a6 10. Rc1 Bd7 11. Qd2 Rc8 12. Rfd1 Ne5 13. b3 Neg4 14. Bg5 h6 15. Bh4 Ne5 16. f4 Ng6 17. Bf2 e5 18. fxe5 dxe5 19. Nf5 Nf4 20. Nxe7+ Qxe7 21. Nd5 N4xd5 22. exd5 Ne4 23. Qe3 Nxf2 24. Qxf2 e4 25. d6 Qg5 26. Qd4 Bc6 27. Rc3 f5 28. Rg3 Qf6 29. c5 f4 30. Bc4+ Kh7 31. Qxf6 Rxf6 32. Rc3 Rd8 33. b4 g5 34. Bd5 Bxd5 35. Rxd5 e3 36. Re5 Kg6 37. Kf1 g4 38. Rc4 h5 39. Ree4 f3 40. Rxe3 fxg2+ 41. Kxg2 Rdf8 42. Rc2 h4 43. Rd2 h3+ 44. Kg3 Kh5 45. Rd5+ Kh6 46. Kxg4 Rf2 47. Rxh3+ Kg6 48. Rg5+ Kf6 49. Rh6+ Kf7 50. Rf5+ 1-0


[Site "https://www.chess.com"]

[Event "Titled Tuesday Blitz July 18 Early 2023"]
[White "Skliarov, Viktor"]
[Black "Gorovets, Andrey"]
[WhiteFideId "14106736"]
[BlackFideId "13504037"]
[WhiteElo "2595"]
[BlackElo "2846"]
[Result "0-1"]
[Round "4"]
[TimeControl "180+2"]
[Date "2023.07.18"]
[WhiteClock "0:00:00"]
[BlackClock "0:01:17"]
[Board "39"]

1. e4 c5 2. Nf3 Nc6 3. Bb5 Nf6 4. Bxc6 dxc6 5. d3 Bg4 6. h3 Bh5 7. g4 Bg6 8. Ne5 Nd7 9. Nxg6 hxg6 10. Be3 e5 11. Nd2 Be7 12. Qe2 Qa5 13. a3 Nf8 14. O-O-O Ne6 15. Nc4 Qc7 16. Qd2 a5 17. Qc3 b5 18. Nd2 c4 19. dxc4 b4 20. axb4 axb4 21. Qb3 Nd4 22. Qd3 O-O 23. Bxd4 exd4 24. Nb1 Bg5+ 25. Rd2 Ra1 26. h4 Bf4 27. Re1 Rfa8 28. Qb3 Qa7 0-1


[Site "https://www.chess.com"]

[Event "Titled Tuesday Blitz July 18 Early 2023"]
[White "Ter-Sahakyan, Samvel"]
[Black "Al-Tarboush, Ward"]
[WhiteFideId "13302531"]
[BlackFideId "7601450"]
[WhiteElo "2840"]
[BlackElo "2593"]
[Result "1-0"]
[Round "4"]
[TimeControl "180+2"]
[Date "2023.07.18"]
[WhiteClock "0:01:14"]
[BlackClock "0:00:00"]
[Board "40"]

1. d4 Nf6 2. c4 g6 3. Nc3 d5 4. Nf3 Bg7 5. Bg5 Ne4 6. Bf4 Nxc3 7. bxc3 c5 8. e3 O-O 9. cxd5 cxd4 10. cxd4 Qxd5 11. Be2 Nc6 12. O-O Bf5 13. Qa4 Qa5 14. Qxa5 Nxa5 15. Rfc1 Rac8 16. Ne5 Bxe5 17. Bxe5 Rxc1+ 18. Rxc1 Rc8 19. Rxc8+ Bxc8 20. d5 b6 21. Bb8 Bb7 22. e4 e6 23. Bxa7 exd5 24. Bxb6 Nc4 25. Bd4 Nd6 26. exd5 Bxd5 27. a4 Nc4 28. Bc3 Kf8 29. a5 Ke7 30. a6 Nb6 31. Bd4 Na8 32. f3 Kd6 33. Kf2 Kc6 34. Kg3 Bb3 35. Kf4 h6 36. Ke5 Nb6 37. Bxb6 Kxb6 38. Kf6 Be6 39. Bd3 Ba2 40. h4 Ka7 41. g4 Bb3 42. f4 Be6 43. g5 hxg5 44. fxg5 Bb3 45. Bb5 1-0


[Site "https://www.chess.com"]

[Event "Titled Tuesday Blitz July 18 Early 2023"]
[White "Ahmad, Khagan"]
[Black "Ozen, Bahadir"]
[WhiteFideId "13431552"]
[BlackFideId "6337058"]
[WhiteElo "2593"]
[BlackElo "2837"]
[Result "1/2-1/2"]
[Round "4"]
[TimeControl "180+2"]
[Date "2023.07.18"]
[WhiteClock "0:00:04"]
[BlackClock "0:00:05"]
[Board "41"]

1. c4 g6 2. g3 Bg7 3. Nf3 Nf6 4. Bg2 O-O 5. O-O d6 6. d4 c6 7. Nc3 Bf5 8. Bg5 h6 9. Bxf6 Bxf6 10. h4 h5 11. Qd2 Bg7 12. Ng5 Qb6 13. e3 a5 14. Bh3 Bxh3 15. Nxh3 Nd7 16. Ng5 a4 17. Rab1 Qb4 18. Qd3 e6 19. a3 Qb3 20. Nge4 d5 21. Nd2 Qb6 22. c5 Qa6 23. Qxa6 Rxa6 24. b4 axb3 25. Rxb3 b6 26. cxb6 Nxb6 27. Na2 Rfa8 28. Nb4 Rxa3 29. Rxa3 Rxa3 30. Nxc6 Ra2 31. Nf3 Nc4 32. Rb1 Rb2 33. Rxb2 Nxb2 34. Kg2 Nc4 35. Ne1 Bf8 36. Nd3 Kg7 37. Nde5 Nxe5 38. Nxe5 Bd6 39. Nd3 Be7 40. Kf3 Bd6 41. Ke2 Kf6 42. Kd2 Kf5 43. Ke2 Kg4 44. Ne1 f6 45. Kf1 g5 46. hxg5 fxg5 47. Kg2 Kf5 48. Nd3 Ke4 49. Nc5+ Kf5 50. f3 e5 51. Nb3 e4 52. Nd2 exf3+ 53. Nxf3 g4 54. Nd2 Bb4 55. Nb3 Ke4 56. Kf2 Kf5 57. Nc5 Ba3 58. Nd3 Bd6 59. Ne1 Kg5 60. Ng2 Kf5 61. Ne1 Kg5 62. Nd3 Kf5 63. Nc5 Be7 64. Na6 h4 65. gxh4 Bxh4+ 66. Kg2 Ke4 67. Nc7 Bd8 68. Ne6 Be7 69. Nc7 Kxe3 70. Nxd5+ Kxd4 71. Nxe7 g3 72. Nf5+ Kc3 73. Nxg3 1/2-1/2


[Site "https://www.chess.com"]

[Event "Titled Tuesday Blitz July 18 Early 2023"]
[White "KhalilMousavi98"]
[Black "Vlassov, Nikolai"]
[BlackFideId "4103360"]
[WhiteElo "2821"]
[BlackElo "2592"]
[Result "1-0"]
[Round "4"]
[TimeControl "180+2"]
[Date "2023.07.18"]
[WhiteClock "0:00:11"]
[BlackClock "0:00:08"]
[Board "42"]

1. e4 Nc6 2. Nc3 Nf6 3. Nf3 d5 4. e5 Ne4 5. d3 Nxc3 6. bxc3 Bg4 7. d4 e6 8. Rb1 Na5 9. Bd3 a6 10. Qd2 Bxf3 11. gxf3 c5 12. Ba3 Rc8 13. h4 h5 14. Bc1 Be7 15. Rg1 g6 16. Qf4 Bxh4 17. Ba3 Be7 18. Bxg6 fxg6 19. Rxg6 Nc4 20. Rxb7 Nxa3 21. Rg7 Rc7 22. Qf7+ Kd7 23. Rb6 Kc8 24. Rxa6 Nxc2+ 25. Kd1 Kb7 26. Qxe6 Kb8 27. Rb6+ Ka7 28. Rb3 cxd4 29. Qb6+ Ka8 30. Qa6+ Ra7 31. Qc6+ 1-0


[Site "https://www.chess.com"]

[Event "Titled Tuesday Blitz July 18 Early 2023"]
[White "Pakleza, Zbigniew"]
[Black "Parpiev, Isaak"]
[WhiteFideId "1119290"]
[BlackFideId "34281576"]
[WhiteElo "2804"]
[BlackElo "2590"]
[Result "1-0"]
[Round "4"]
[TimeControl "180+2"]
[Date "2023.07.18"]
[WhiteClock "0:00:03"]
[BlackClock "0:00:00"]
[Board "43"]

1. d4 Nf6 2. Nf3 g6 3. Bf4 Bg7 4. e3 O-O 5. Be2 b6 6. O-O Bb7 7. h3 c5 8. c3 d5 9. Nbd2 Nc6 10. a3 Nd7 11. Bh2 Rc8 12. b4 cxd4 13. cxd4 Re8 14. Nb3 e6 15. Ra2 Ne7 16. Bd3 Nf5 17. Qe2 Rc3 18. Rb1 Nf6 19. Nfd2 Nd6 20. a4 Nfe4 21. a5 Qc8 22. axb6 axb6 23. Nxe4 dxe4 24. Ba6 Bxa6 25. Qxa6 Qxa6 26. Rxa6 Nc4 27. Bg3 h5 28. Ra7 Rc8 29. Rb7 Bf8 30. b5 Na3 31. Rb2 Nxb5 32. Nd2 Nd6 33. Rd7 Nc4 34. Nxc4 R3xc4 35. Rxb6 Rc1+ 36. Kh2 g5 37. h4 g4 38. Rbb7 f5 39. Be5 Rd1 40. Rh7 1-0


[Site "https://www.chess.com"]

[Event "Titled Tuesday Blitz July 18 Early 2023"]
[White "Pham, Khoi"]
[Black "Oro, Faustino"]
[WhiteFideId "1054988"]
[BlackFideId "20000197"]
[WhiteElo "2583"]
[BlackElo "2793"]
[Result "1-0"]
[Round "4"]
[TimeControl "180+2"]
[Date "2023.07.18"]
[WhiteClock "0:02:04"]
[BlackClock "0:00:16"]
[Board "44"]

1. e4 e5 2. Bc4 Nf6 3. d3 c6 4. Nc3 d5 5. Bb3 Bb4 6. Bd2 O-O 7. Nf3 Re8 8. O-O Bg4 9. h3 Bh5 10. g4 Nxg4 11. hxg4 Bxg4 12. Kg2 d4 13. Ne2 Bd6 14. Ng5 Rf8 15. f3 Bh5 16. Rh1 Bg6 17. Qg1 Nd7 18. Nxh7 Bxh7 19. Rxh7 Kxh7 20. Qh2+ Kg6 21. Qg3+ 1-0


[Site "https://www.chess.com"]